 Dungeon Crawl Stone Soup version 0.20.1-1-g8b1a95d66d (webtiles) character file.

214 andriiy the Bolt Thrower (level 6, -1/35 HPs)
             Began as a Kobold Hunter on Dec 6, 2017.
             Slain by Edmund
             ... wielding a +1 dire flail of protection
              (9 damage)
             ... on level 4 of the Dungeon.
             The game lasted 00:09:35 (1937 turns).

andriiy the Bolt Thrower (Kobold Hunter)            Turns: 1937, Time: 00:09:36

Health: -1/35      AC:  3    Str: 11    XL:     6   Next: 15%
Magic:  6/6        EV: 16    Int: 13    God:
Gold:   159        SH:  0    Dex: 15    Spells: 5/5 levels left

rFire    . . .     SeeInvis .   a - +1 hand crossbow
rCold    . . .     Gourm    .   (shield restricted)
rNeg     . . .     Faith    .   c - +0 leather armour
rPois    .         Spirit   .   (no helmet)
rElec    .         Reflect  .   (no cloak)
rCorr    .         Harm     .   (no gloves)
MR       .....                  (no boots)
Stlth    ++........             (no amulet)
Regen    0.2/turn               (no ring)
MPRegen  0.1/turn               (no ring)

@: no status effects
A: carnivore 3
a: no special abilities


You were on level 4 of the Dungeon.
You were very hungry.

You visited 1 branch of the dungeon, and saw 4 of its levels.

You collected 159 gold pieces.

Inventory:

Hand Weapons
 a - a +1 hand crossbow (weapon)
 b - a +0 short sword
Missiles
 d - 16 bolts (quivered)
Armour
 c - a +0 leather armour (worn)
 g - a +0 pair of gloves
Jewellery
 w - an uncursed amulet of rage {unknown}
Scrolls
 e - 3 scrolls of remove curse {unknown}
 j - a scroll of immolation {unknown}
 l - 2 scrolls of enchant armour {unknown}
 m - a scroll of noise {unknown}
 n - a scroll of magic mapping {unknown}
 o - 3 scrolls of teleportation {unknown}
 r - 2 scrolls of identify {unknown}
 u - 2 scrolls of recharging {unknown}
 y - 2 scrolls of random uselessness {unknown}
Potions
 h - a potion of agility {unknown}
 i - 2 potions of berserk rage {unknown}
 k - 2 potions of brilliance {unknown}
 p - 2 potions of lignification {unknown}
 t - a potion of flight {unknown}
 v - a potion of mutation {unknown}
 x - a potion of curing {unknown}
 z - a potion of heal wounds {unknown}
Books
 s - a book of Changes

   Spells                             Type                      Level
   a - Beastly Appendage              Transmutation                1
   b - Sticks to Snakes               Transmutation                2
   c - Spider Form                    Transmutation/Poison         3
   d - Ice Form                       Ice/Transmutation            4
   e - Blade Hands                    Transmutation                5
Comestibles
 f - a meat ration
 q - 2 royal jellies


   Skills:
 - Level 2.1 Fighting
 + Level 7.2 Crossbows
 + Level 0.4 Armour
 * Level 3.7 Dodging
 * Level 3.3 Stealth


You had 5 spell levels left.
You didn't know any spells.

Dungeon Overview and Level Annotations

Branches:
Dungeon (4/15)
 Temple: D:4-7

Altars:
Sif Muna
Zin

Annotations:
D:4 Edmund


Innate Abilities, Weirdness & Mutations

You are small and have problems with some larger weapons.
You are carnivorous and can eat meat at any time.


Message History

Press: ? - help, Shift-Dir - straight line, f/p - Edmund
Aim: Edmund, wielding a dire flail of protection and wearing a leather armour (moderately wounded)
You shoot a bolt. The bolt hits Edmund.
Edmund is moderately wounded.
Edmund barely misses you.
Firing (i - inventory):
d - 18 bolts (quivered)
Press: ? - help, Shift-Dir - straight line, f/p - Edmund
Aim: Edmund, wielding a dire flail of protection and wearing a leather armour (moderately wounded)
You shoot a bolt. The bolt closely misses Edmund.
The bolt barely misses the scorpion.
Edmund barely misses you.
Firing (i - inventory):
d - 17 bolts (quivered)
Press: ? - help, Shift-Dir - straight line, f/p - Edmund
Aim: Edmund, wielding a dire flail of protection and wearing a leather armour (moderately wounded)
You shoot a bolt.
The bolt hits Edmund but does no damage.
Edmund is moderately wounded.
You are feeling very hungry.
Edmund barely misses you.
Edmund hits you with a dire flail of protection!
You die...

#.# #.# #. #.# #.#
#. #.# #.# #.
########.# #.# #.
#>........ #.#
#.##.# #....# #.#
#..#.###....#
##@#####.#.........
#..@s..((...(.(....
########.#.........
#.#.#####.#. #.#.#
..... #.#.....#...
..#..####... ###..#
#.## #..# ....


You could see Edmund and a scorpion.

Vanquished Creatures
  Natasha (thrice) (D:2)
  4 gnolls (D:3)
  3 adders
  A worm (D:2)
  6 leopard geckos
  4 orcs (D:3)
  A ball python (D:2)
  4 bats
  4 giant cockroaches
  8 goblins
  8 hobgoblins
  4 jackals (D:3)
  8 kobolds
  2 frilled lizards (D:2)
  3 rats
63 creatures vanquished.

Notes
Turn   | Place    | Note
-------+----------+-------------------------------------------
     0 | D:1      | andriiy the Kobold Hunter began the quest for the Orb.
     0 | D:1      | Reached XP level 1. HP: 12/12 MP: 1/1
   117 | D:1      | Reached skill level 5 in Crossbows
   182 | D:1      | Reached XP level 2. HP: 14/17 MP: 2/2
   486 | D:1      | Reached XP level 3. HP: 17/21 MP: 3/3
   751 | D:2      | Noticed Natasha
   753 | D:2      | Killed Natasha
   753 | D:2      | Reached skill level 6 in Crossbows
   753 | D:2      | Reached XP level 4. HP: 21/26 MP: 4/4
  1188 | D:2      | Noticed Natasha
  1191 | D:2      | Killed Natasha
  1191 | D:2      | Reached XP level 5. HP: 30/30 MP: 5/5
  1277 | D:2      | Noticed Natasha
  1280 | D:2      | Killed Natasha
  1679 | D:3      | Reached skill level 7 in Crossbows
  1756 | D:3      | Reached XP level 6. HP: 35/35 MP: 6/6
  1802 | D:3      | Found a glowing silver altar of Zin.
  1802 | D:3      | Found a deep blue altar of Sif Muna.
  1876 | D:4      | Noticed Edmund
  1937 | D:4      | Slain by Edmund

Skill      XL: |  1  2  3  4  5 |
---------------+----------------+-----
Crossbows      | 5 6 7 |  7.2
Stealth        | 2 3 |  3.3
Dodging        | 3 |  3.7
Fighting       | |  2.1
Armour         | |  0.4

Action                   |  1- 3 |  4- 6 || total
-------------------------+-------+-------++-------
 Fire: Hand crossbow     |    58 |   131 ||   189
  Eat: Chunk             |     2 |       ||     2
Armor: Leather armour    |     7 |     8 ||    15
Dodge: Dodged            |    23 |    38 ||    61
